 Dungeon Sprint DCSS version 0.20.1-1-g8b1a95d (webtiles) character file.

1400 potatolord6000 the Covert (level 8, -7/80 HPs)
             Began as a Deep Dwarf Fighter on Aug 25, 2017.
             Mangled by a tyrant leech (16 damage)
             ... in the Dungeon (Sprint II: "The Violet Keep of Menkaure").
             The game lasted 00:02:45 (174 turns).

potatolord6000 the Covert (Deep Dwarf Fighter)       Turns: 174, Time: 00:02:46

Health: -7/80      AC:  8    Str: 21    XL:     8   Next: 41%
Magic:  13/13      EV:  8    Int: 10    God:
Gold:   729        SH: 11    Dex: 12    Spells: 19/19 levels left

rFire    . . .     SeeInvis .   a - +0 war axe
rCold    . . .     Gourm    .   c - +0 shield
rNeg     . . .     Faith    .   b - +0 scale mail
rPois    .         Spirit   .   (no helmet)
rElec    .         Reflect  .   (no cloak)
rCorr    .         Harm     .   (no gloves)
MR       +....     Rnd*Rage +   (no boots) Stlth +++.......NoTele +
                                (no amulet)
Regen    0.0/turn               (no ring)
MPRegen  0.2/turn               (no ring)

@: non-regenerating
A: damage resistance, heal wounds, berserk 1, blurry vision 1, sense
surroundings 1, no regeneration
a: Heal Wounds


You were in the Dungeon.
You were not hungry.

You visited 1 branch You collected 729 gold pieces.

Inventory:

Hand Weapons
 a - a +0 war axe (weapon)
Armour
 b - a +0 scale mail (worn)
 c - a +0 shield (worn)
Scrolls
 k - a scroll of blinking
Potions
 e - a potion of curing
 g - a potion of heal wounds
 i - 2 potions of magic
Comestibles
 f - a bread ration


   Skills:
 + Level 7.5 Fighting
 + Level 8.7 Axes
 + Level 9.1 Armour
 + Level 10.0 Stealth
 + Level 9.2 Shields
 + Level 6.3 Spellcasting


You had 19 spell levels left.
You didn't know any spells.

Dungeon Overview and Level Annotations

Branches:
Dungeon (1/1)

Altars:

Annotations:
D Roxanne


Innate Abilities, Weirdness & Mutations

You are resistant to damage.
You can heal yourself by infusing magical energy.
You passively map a small area around you.
You do not regenerate.
You tend to lose your temper in combat.
Scrolls take you a little longer to read.


Message History

You block the tyrant leech's attack.
You hit the tyrant leech.
The tyrant leech is moderately wounded.
The tyrant leech barely misses you.
You closely miss the tyrant leech.
The tyrant leech is moderately wounded.
The tyrant leech barely misses you.
You closely miss the tyrant leech.
The tyrant leech is moderately wounded.
The tyrant leech bites you!!
* * * LOW HITPOINT WARNING * * *
The tyrant leech draws strength from your injuries!
You hit the tyrant leech.
The tyrant leech is lightly wounded.
You block the tyrant leech's attack.
You hit the tyrant leech.
The tyrant leech is lightly wounded.
You recover from your berserk rage.
The tyrant leech bites you!
You die...

* *≈≈≈≈≈≈.≈.≈..#
, , ,* ≈ ##+##
,* ∩ #...##
≈#..##.#, , ∩
######.#### ##
#.###+###.##..#
, ∩
#.#†##.##†..#..#
, *, ,
+###+.<.+##.+..#
* , ≈
#.##@##†..#..§.#
* #.#*#w###.##
..§.. * * ## .#.
### ...§ * ≈ *..
.. ≈≈ §.§≈ + ##$
.## ≈§ * ≈≈## ##
≈≈ ≈ * ≈ * ≈ ≈ _
≈ ≈ ≈ * ≈ ≈


You could see a tyrant leech.

Vanquished Creatures
  A tyrant leech (D)
  2 hippogriffs (D)
  4 neqoxecs (D)
  4 necrophages (D)
11 creatures vanquished.

Notes
Turn   | Place    | Note
-------+----------+-------------------------------------------
     0 | D        | potatolord6000 the Deep Dwarf Fighter began the quest for the Orb.
     0 | D        | Reached XP level 1. HP: 20/20 MP: 1/1
     1 | D        | Noticed a neqoxec
     3 | D        | Noticed a neqoxec
     5 | D        | Noticed a quasit
     6 | D        | Gained mutation: Scrolls take you a little longer to read. [a neqoxec]
    10 | D        | Killed a neqoxec
    10 | D        | Reached skill level 5 in Armour
    10 | D        | Reached skill level 4 in Stealth
    10 | D        | Reached skill level 5 in Shields
    10 | D        | Reached XP level 2. HP: 31/31 MP: 1/5
    10 | D        | Reached XP level 3. HP: 37/37 MP: 1/7
    10 | D        | Reached XP level 4. HP: 45/45 MP: 1/8
    16 | D        | Gained mutation: You tend to lose your temper in combat. [a neqoxec]
    19 | D        | Killed a neqoxec
    19 | D        | Reached skill level 5 in Fighting
    19 | D        | Reached skill level 5 in Axes
    19 | D        | Reached skill level 6 in Stealth
    19 | D        | Reached XP level 5. HP: 41/52 MP: 1/10
    22 | D        | Noticed Roxanne
    22 | D        | Noticed a neqoxec
    23 | D        | Noticed a neqoxec
    30 | D        | Killed a neqoxec
    30 | D        | Reached skill level 7 in Stealth
    30 | D        | Reached XP level 6. HP: 47/62 MP: 2/12
    42 | D        | Killed a neqoxec
    59 | D        | Reached skill level 8 in Stealth
    59 | D        | Reached skill level 5 in Spellcasting
    59 | D        | Reached XP level 7. HP: 69/70 MP: 6/13
    66 | D        | Reached skill level 9 in Stealth
   101 | D        | Noticed a hippogriff
   101 | D        | Noticed a hippogriff
   108 | D        | Killed a hippogriff
   108 | D        | Reached XP level 8. HP: 54/80 MP: 13/15
   115 | D        | Killed a hippogriff
   124 | D        | Noticed a tyrant leech
   124 | D        | Noticed a tyrant leech
   146 | D        | Killed a tyrant leech
   146 | D        | Reached skill level 10 in Stealth
   174 | D        | Mangled by a tyrant leech

Skill      XL: |  1  2  3  4  5  6  7  8 |
---------------+-------------------------+-----
Fighting       | 4 5 6 7 |  7.5
Axes           | 4 5 6 7 8 |  8.7
Armour         | 5 6 7 8 9 |  9.1
Stealth        | 4 6 7 8 9 10 | 10.0
Shields        | 5 6 7 8 9 |  9.2
Spellcasting   | 2 3 4 5 6 |  6.3

Action                   |  1- 3 |  4- 6 |  7- 9 || total
-------------------------+-------+-------+-------++-------
Melee: War axe           |     7 |    27 |    57 ||    91
 Abil: Heal Wounds       |       |     2 |     7 ||     9
  Use: Potion            |     2 |       |     1 ||     3
Armor: Scale mail        |     1 |     5 |    25 ||    31
Dodge: Dodged            |     1 |     5 |    22 ||    28
Block: Shield            |     2 |    11 |    29 ||    42
